Cogmind - Beta 10.2 @@@ ROGUE MODE // 2021.04.03 @ 14:08:08 Player: ChromeKnight Result: Destroyed by G-50 Soldier with Heavy Laser Performance ------------- Evolutions (5) 2500 Regions Visited (15) 3000 Robots Destroyed (111) 555 Value Destroyed (5049) 5049 Prototype IDs (29) 580 Alien Tech Used (0) 0 Bonus (3396) 3396 TOTAL SCORE: 15080 Bonus ------- Pacifist 270 High Alert Combat Kills 796 Follower Combat Kills 1679 Network Hubs Disabled 200 Aligned with FarCom 300 Built Enhanced Grunts 300 Friendly Fire -149 Cogmind --------- Core Integrity 0/1000 Matter 151/300 Energy 298/300 System Corruption 20% Temperature Cool (139) Movement Core (650) Ox12 Location -5/Upper Caves Parts ------- > --- POWER (1) -------- Angular Momentum Engine > --- PROPULSION (4) --- (None) > --- UTILITY (8) ------ Large Storage Unit Advanced Signal Interpreter Targeting Computer Improved Targeting Computer Melee Analysis Suite Improved Core Analyzer Improved Weapon Cycler > --- WEAPON (4) ------- KE Penetrator Powered Hammer > --- INVENTORY (10) --- Improved Ion Engine Light Nuclear Core Armored Wheel Kinecellerator Damper Plating Point Defense System Tesla Rifle Heavy Beamcaster Peak State ------------ > --- POWER ------------ Neutrino Core > --- PROPULSION ------- Carbon-fiber Leg Carbon-fiber Leg Carbon-fiber Leg Flexi-carbon Leg > --- UTILITY ---------- Large Storage Unit Advanced Signal Interpreter Improved Targeting Computer Target Analyzer Weapon Cycler Hardened Heavy Armor Plating Centrium Medium Armor Plating > --- WEAPON ----------- KE Penetrator KE Penetrator Improved KE Penetrator Magnetic Acceleration Cannon > --- INVENTORY -------- Improved Ion Engine Neutrino Core Cooled Airjet Improved Heat Sink Targeting Computer Energy Filter Kinecellerator Centrium Medium Armor Plating Improved Heavy Machine Gun [Rating: 79] Favorites ----------- Power Improved Ion Engine Engine Improved Ion Engine Power Core Neutrino Core Propulsion Carbon-fiber Leg Treads Medium Treads Leg Carbon-fiber Leg Wheel Armored Wheel Hover Unit Cooled Airjet Utility Large Storage Unit Device Weapon Cycler Storage Large Storage Unit Processor Advanced Signal Interpreter Protection Hardened Light Armor Plating Weapon Maul Energy Gun Heavy Laser Ballistic Gun Heavy Machine Gun Ballistic Cannon Advanced Assault Cannon Impact Weapon Maul Slashing Weapon Axe Build | -11 -10 -10 -10 -9 -8 -7 -6 -6 -6 -6 -6 -5 -5 -5 -5 ------- Run | Scr Mat Min Exi Min Mat Fac Fac Ext Cet Arc Hub Fac Was Fac Upp Slots Evolved 10 | . . . . . 4 2 2 . . . . 2 . . . Power . | . . . . . . . . . . . . . . . . Propulsion 2 | . . . . . 1 1 . . . . . . . . . Utility 6 | . . . . . 2 . 2 . . . . 2 . . . Weapon 2 | . . . . . 1 1 . . . . . . . . . Parts Attached 151 | 6 5 . . . 4 40 9 20 9 3 4 21 . 22 8 Power 14 | 1 1 . . . . 2 1 . 2 . . 5 . 1 1 Engine 9 | 1 1 . . . . 2 1 . 2 . . 1 . . 1 Core 5 | . . . . . . . . . . . . 4 . 1 . Reactor . | . . . . . . . . . . . . . . . . Propulsion 47 | 2 . . . . 1 14 2 9 2 . 2 7 . 6 2 Treads 1 | . . . . . . 1 . . . . . . . . . Leg 31 | 2 . . . . 1 11 2 9 2 . 2 2 . . . Wheel 11 | . . . . . . . . . . . . 4 . 6 1 Hover 4 | . . . . . . 2 . . . . . 1 . . 1 Flight . | . . . . . . . . . . . . . . . . Utility 42 | 1 2 . . . 2 13 4 2 4 . . 7 . 7 . Device 17 | . . . . . . 8 2 . 2 . . 2 . 3 . Storage 4 | 1 1 . . . . 1 . . . . . . . 1 . Processor 7 | . . . . . . 1 1 1 . . . 1 . 3 . Hackware . | . . . . . . . . . . . . . . . . Protection 14 | . 1 . . . 2 3 1 1 2 . . 4 . . . Artifact . | . . . . . . . . . . . . . . . . Weapon 48 | 2 2 . . . 1 11 2 9 1 3 2 2 . 8 5 Energy Gun 13 | 2 . . . . . 2 1 2 . . . . . 5 1 Energy Cannon . | . . . . . . . . . . . . . . . . Ballistic Gun 21 | . . . . . . 6 . 4 1 3 2 2 . 2 1 Ballistic Cannon 6 | . . . . . . 2 . 2 . . . . . 1 1 Launcher . | . . . . . . . . . . . . . . . . Special Weapon . | . . . . . . . . . . . . . . . . Impact Weapon 6 | . 2 . . . 1 1 . . . . . . . . 2 Slashing Weapon 2 | . . . . . . . 1 1 . . . . . . . Piercing Weapon . | . . . . . . . . . . . . . . . . Special Melee Weapon . | . . . . . . . . . . . . . . . . Unidentified Prototypes 6 | . . . . . . 1 . . 3 . 1 . . 1 . Parts Lost 48 | . . . . . . 14 8 1 . . . 6 . 14 5 Power 1 | . . . . . . 1 . . . . . . . . . Propulsion 14 | . . . . . . 4 3 . . . . 3 . 1 3 Utility 13 | . . . . . . 4 2 1 . . . 1 . 5 . Weapon 20 | . . . . . . 5 3 . . . . 2 . 8 2 Highest Loss Streak 8 | . . . . . . 7 8 1 . . . 2 . 6 3 Average Slot Usage (%) 90 | . 95 100 100 100 89 87 81 97 100 100 100 82 94 90 76 Engine 5 | . 14 14 14 14 9 5 6 6 6 6 6 . . . 4 Core 1 | . . . . . . . . . . . . 4 5 5 . Leg 16 | . 28 28 28 28 20 19 16 24 26 26 26 8 . . . Wheel 3 | . . . . . . . . . . . . 1 23 20 2 Hover 1 | . . . . . . 1 . . . . . 3 . . 4 Device 8 | . . . . . . 13 14 10 6 6 6 7 11 9 5 Storage 6 | . 14 14 14 14 9 7 6 6 6 6 6 5 5 5 5 Processor 12 | . . . . . . 2 9 19 20 20 20 17 17 26 29 Protection 6 | . 10 14 14 14 23 5 3 1 6 6 6 10 5 . . Energy Gun 1 | . 8 . . . . 1 1 1 . . . . . 2 4 Ballistic Gun 10 | . . . . . . 6 19 14 20 20 20 14 17 10 5 Ballistic Cannon 5 | . . . . . . 10 . 5 6 6 6 5 5 4 4 Impact Weapon 5 | . 19 28 28 28 27 9 . . . . . . . . 4 Naked Turns . | . . . . . . . . . . . . . . . . Heaviest Build 82 | 13 34 34 34 34 47 54 57 59 60 57 57 82 75 75 51 Greatest Support 75 | 20 20 20 20 20 33 68 51 75 65 65 65 65 48 56 56 Greatest Overweight (x) 16 | 1 1 1 1 1 2 12 2 1 1 . . 5 1 1 16 Average Overweight (x) . | . . 1 1 1 1 . . . . . . 2 1 . 1 Largest Inventory Capacity 14 | 6 10 10 10 10 10 10 10 10 10 10 10 10 10 14 10 Average Capacity 9 | 5 7 10 10 10 10 10 10 10 10 10 10 10 10 10 10 Most Carried 10 | . 8 10 10 10 10 10 10 10 10 10 10 10 10 10 10 Average Carried 9 | . 4 8 9 10 9 9 9 9 9 9 10 8 9 8 9 Final Capacity 10 | 6 10 10 10 10 10 10 10 10 10 10 10 10 10 10 10 Final Carried 10 | . 8 10 10 10 10 9 10 10 10 10 10 10 10 10 10 Class Distribution -------------------- 38% | Scavenger-Gunner 28% | Mutant 17% | Gunner 5% | Scavenger-Mutant 5% | Machinist-Gunner 5% | Skirmisher Dominant Class ---------------- Mutant | -10/Materials Mutant | -10/Mines Mutant | -10/Exiles Mutant | -9/Mines Mutant | -8/Materials Mutant | -7/Factory Machinist-Gunner | -6/Factory Scavenger-Gunner | -6/Extension Scavenger-Gunner | -6/Cetus Scavenger-Gunner | -6/Archives Scavenger-Gunner | -6/Hub_04(d) Scavenger-Gunner | -5/Factory Scavenger-Gunner | -5/Waste Scavenger-Gunner | -5/Factory Gunner | -5/Upper Caves Resources | -11 -10 -10 -10 -9 -8 -7 -6 -6 -6 -6 -6 -5 -5 -5 -5 ----------- Run | Scr Mat Min Exi Min Mat Fac Fac Ext Cet Arc Hub Fac Was Fac Upp Matter Collected 5477 | 211 . 25 . . 94 983 818 773 356 100 359 758 237 564 199 Remotely . | . . . . . . . . . . . . . . . . Salvage Created 5184 | . . . . . 94 778 1109 807 247 158 452 625 . 604 310 Parts 220 | . . . . . . 32 50 34 8 8 19 30 . 29 10 Haulers Intercepted 1 | . . . . . . 1 . . . . . . . . . Recyclers Shooed 4 | . . . . . . . 3 1 . . . . . . . Parts Field Recycled . | . . . . . . . . . . . . . . . . Retrieved Matter . | . . . . . . . . . . . . . . . . Parts Self-Destructed 4 | . . . . . . . . . . . . . . . 4 Prevented 3 | . . . . . . . . . . . . . . . 3 Kills | -11 -10 -10 -10 -9 -8 -7 -6 -6 -6 -6 -6 -5 -5 -5 -5 ------- Run | Scr Mat Min Exi Min Mat Fac Fac Ext Cet Arc Hub Fac Was Fac Upp Combat Hostiles Destroyed 86 | . . . . . 2 13 15 13 4 2 6 14 . 11 6 Melee 4 | . . . . . 1 1 . 1 . . . . . 1 . Guns 54 | . . . . . . 3 15 5 3 1 5 11 . 9 2 Cannons 22 | . . . . . . 5 . 7 1 1 1 3 . 1 3 AOE 2 | . . . . . . 2 . . . . . . . . . Classes Destroyed 15 | . . . . . 2 8 1 3 . . . . . . 1 Worker 11 | . . . . . . 2 4 1 . . 3 1 . . . Builder 3 | . . . . . . 1 . . . . . 2 . . . Hauler 1 | . . . . . . 1 . . . . . . . . . Recycler 4 | . . . . . . 1 2 . . . . . . 1 . Mechanic 1 | . . . . . . 1 . . . . . . . . . Operator 2 | . . . . . . . . 1 . . 1 . . . . Watcher 3 | . . . . . . 1 1 . 1 . . . . . . Swarmer 14 | . . . . . . . 4 . 1 . . 5 . 4 . Grunt 27 | . . . . . 1 2 7 6 1 . 2 1 . 3 4 Brawler 1 | . . . . . . . . . . . . . . 1 . Duelist 5 | . . . . . . 1 1 1 . . . 1 . . 1 Sentry 22 | . . . . . 1 6 2 4 . 2 4 2 . 1 . Programmer 12 | . . . . . . 4 1 . . . . 5 . 2 . Behemoth 1 | . . . . . . . . 1 . . . . . . . Cetus Guard 2 | . . . . . . . . . 2 . . . . . . Savage 1 | . . . . . . . . 1 . . . . . . . Mutant 1 | . . . . . . . . . . . . . . . 1 Best Kill Streak 7 | . . . . . 2 4 7 5 3 1 3 5 . 6 2 Combat Bots Only 5 | . . . . . 2 3 5 4 2 1 2 3 . 5 2 Max Kills in Single Turn 3 | . . . . . 1 3 2 2 1 1 2 1 . 2 1 Gunslinging 1 | . . . . . . . 1 . . . . . . . . Exploded 2 | . . . . . . 2 . . . . . . . . . Melee 1 | . . . . . 1 1 . 1 . . . . . 1 . Uniques/NPCs Destroyed . | . . . . . . . . . . . . . . . . Combat | -11 -10 -10 -10 -9 -8 -7 -6 -6 -6 -6 -6 -5 -5 -5 -5 -------- Run | Scr Mat Min Exi Min Mat Fac Fac Ext Cet Arc Hub Fac Was Fac Upp Damage Taken 11941 | . . . . 31 264 2609 1195 888 231 308 701 2275 . 2385 1054 Core 1697 | . . . . . 17 279 113 109 . 21 147 421 . 287 303 Absorbed by Shields 325 | . . . . . . 87 . 136 102 . . . . . . Core Remaining (%) 82 | 100 . . . 100 96 60 . . . . 54 . . . . Volleys Fired 249 | . . . . . . 34 38 36 15 4 23 38 . 31 30 Largest 4 | . . . . . . 4 4 4 4 4 4 4 . 4 3 Hottest 212 | . . . . . . 176 120 182 144 149 154 154 . 212 146 Shots Fired 799 | . . . . . . 114 127 109 53 15 92 137 . 98 54 Gun 593 | . . . . . . 52 127 78 42 12 69 100 . 73 40 Cannon 206 | . . . . . . 62 . 31 11 3 23 37 . 25 14 Launcher . | . . . . . . . . . . . . . . . . Special . | . . . . . . . . . . . . . . . . Kinetic 742 | . . . . . . 105 122 101 53 15 92 137 . 77 40 Thermal 23 | . . . . . . . 5 8 . . . . . 10 . Explosive . | . . . . . . . . . . . . . . . . Electromagnetic 34 | . . . . . . 9 . . . . . . . 11 14 Robot Hit Streak 15 | . . . . . . 8 15 11 8 5 5 15 . 11 6 Robot Miss Streak 12 | . . . . . . 3 6 8 10 2 5 4 . 12 3 Penetration Max 1 | . . . . . . . . . 1 . 1 1 . . 1 Secondary Targets 5 | . . . . . . . 4 . . . . . . 1 . Max Gunslinging Chain 1 | . . . . . . . 1 . . . . . . 1 . Shots Hit Robots 512 | . . . . . 18 100 63 85 42 10 36 82 . 42 34 Core Hits 296 | . . . . . 3 27 38 80 41 7 17 26 . 42 15 Critical Hits 45 | . . . . . . . 1 10 3 1 9 16 . . 5 Critical Kills 16 | . . . . . . . 1 5 . 1 2 6 . . 1 Critical Parts Destroyed 24 | . . . . . . . . 4 1 . 7 10 . . 2 Melee Attacks 90 | . . . . . 19 57 1 13 . . . . . . . Impact 76 | . . . . . 19 57 . . . . . . . . . Slashing 14 | . . . . . . . 1 13 . . . . . . . Piercing . | . . . . . . . . . . . . . . . . Sneak Attacks 3 | . . . . . . 1 1 1 . . . . . . . Combat Hostiles . | . . . . . . . . . . . . . . . . Follow-up Attacks 16 | . . . . . 7 9 . . . . . . . . . Damage Inflicted 14845 | . . . . . 398 3456 1672 2008 959 305 1213 2383 . 1431 1020 Guns 9088 | . . . . . . 689 1588 1576 754 216 839 1802 . 924 700 Cannons 3014 | . . . . . . 887 . 351 205 59 222 576 . 394 320 Explosions 1024 | . . . . . . 804 . . . . 152 . . 68 . Melee 1636 | . . . . . 398 1076 81 81 . . . . . . . Ramming 83 | . . . . . . . 3 . . 30 . 5 . 45 . Kinetic 11446 | . . . . . . 1522 1524 1835 959 275 1061 2378 . 1153 739 Thermal 1019 | . . . . . . 804 64 92 . . . . . 59 . Explosive 68 | . . . . . . . . . . . . . . 68 . Electromagnetic 593 | . . . . . . 54 . . . . 152 . . 106 281 Impact 1474 | . . . . . 398 1076 . . . . . . . . . Slashing 162 | . . . . . . . 81 81 . . . . . . . Piercing . | . . . . . . . . . . . . . . . . Highest Corruption 20 | . . . . . . 9 2 2 2 2 2 10 10 20 20 Average Corruption 6 | . . . . . . 4 1 2 2 2 2 7 10 13 20 Corruption Purged . | . . . . . . . . . . . . . . . . Effects 237 | . . . . . . 46 7 12 8 3 7 34 6 76 38 Message Errors 60 | . . . . . . 15 2 3 5 2 1 11 . 16 5 Matter Fused 26 | . . . . . . 4 . . . . . 3 5 12 2 Heat Flow Errors 24 | . . . . . . 8 . 2 . . 2 2 . 6 4 Energy Discharges 17 | . . . . . . 4 1 1 . . 1 3 . 6 1 Parts Rejected 2 | . . . . . . 1 . . . . . 1 . . . Data Loss (minor) 18 | . . . . . . 7 1 1 . . 2 4 . 3 . Data Loss (major) 6 | . . . . . . 1 . . . . . 3 . 2 . Misfires 5 | . . . . . . 3 . . . . . 1 . 1 . Alerts 5 | . . . . . . . . . . . . 1 . 1 3 Misdirections 12 | . . . . . . . . . . . . . 1 10 1 Targeting Errors 50 | . . . . . . 3 2 4 2 . 1 5 . 17 16 Weapon Failures 12 | . . . . . . . 1 1 1 1 . . . 2 6 Overload Shots . | . . . . . . . . . . . . . . . . Overflow Damage 501 | . . . . . 39 347 51 . . . 5 25 . 34 . Projectiles 84 | . . . . . . 56 . . . . . 25 . 3 . Explosions 190 | . . . . . . 154 . . . . 5 . . 31 . Melee 227 | . . . . . 39 137 51 . . . . . . . . Knockbacks 23 | . . . . . . 9 . 1 . . 1 5 . 5 2 Impact 8 | . . . . . . 8 . . . . . . . . . Kinetic 15 | . . . . . . 1 . 1 . . 1 5 . 5 2 Secondary . | . . . . . . . . . . . . . . . . Self-Inflicted Damage 621 | . . . . . . 162 . . . . 106 2 . 351 . Shots 8 | . . . . . . 2 . . . . 1 . . 5 . Rammed 12 | . . . . . . . . . . . . 1 . 11 . Targets Rammed 15 | . . . . . . 1 1 . . 1 . 1 . 11 . Kicked 3 | . . . . . . 1 1 . . 1 . . . . . Crushed . | . . . . . . . . . . . . . . . . Highest Temperature 684 | . . . . . 8 533 394 277 359 186 350 684 . 474 417 Average Temperature 143 | . . . . . 3 130 152 85 140 93 133 184 . 156 190 Received Heat Transfer 2149 | . . . . 15 99 579 420 194 56 54 165 81 . 144 342 Effects 43 | . . . . . . 8 1 . 6 . 1 20 . 3 4 Shutdowns 9 | . . . . . . 3 . . . . 1 3 . . 2 Energy Bleed 7 | . . . . . . 2 . . 2 . . 1 . 1 1 Interference 5 | . . . . . . . . . 3 . . 2 . . . Matter Decay 9 | . . . . . . 1 1 . . . . 5 . 2 . Short Circuit 6 | . . . . . . 1 . . 1 . . 3 . . 1 Damage (minor) 2 | . . . . . . 1 . . . . . 1 . . . Damage (major) 3 | . . . . . . . . . . . . 3 . . . Damage (core) 2 | . . . . . . . . . . . . 2 . . . Siege Activations . | . . . . . . . . . . . . . . . . Robots Corrupted 1 | . . . . . . . . . . . . . . . 1 Combat Hostiles 1 | . . . . . . . . . . . . . . . 1 Parts Fried 2 | . . . . . . 1 . . . . . . . . 1 Impact Corruptions 14 | . . . . . 3 11 . . . . . . . . . Robots Melted . | . . . . . . . . . . . . . . . . Combat Hostiles . | . . . . . . . . . . . . . . . . Parts Melted 3 | . . . . . . 3 . . . . . . . . . Heat Transferred 907 | . . . . . . 500 111 185 . . . . . 111 . Parts Sabotaged . | . . . . . . . . . . . . . . . . Parts Stolen . | . . . . . . . . . . . . . . . . Parts Stripped . | . . . . . . . . . . . . . . . . Power Chain Reactions . | . . . . . . . . . . . . . . . . Missiles Intercepted . | . . . . . . . . . . . . . . . . Alert | -11 -10 -10 -10 -9 -8 -7 -6 -6 -6 -6 -6 -5 -5 -5 -5 ------- Run | Scr Mat Min Exi Min Mat Fac Fac Ext Cet Arc Hub Fac Was Fac Upp Peak Influence 1173 | . 23 8 . 107 98 877 631 1091 1173 626 867 545 124 278 . Initial 610 | . . 8 . . 33 44 429 301 610 389 219 404 124 86 . Average 351 | . 8 8 . 67 65 268 556 552 899 587 560 418 124 130 . Maximum Alert Level 4 | . . . . . . 3 2 3 4 2 3 2 . 1 . Low Security (%) 39 | 100 100 100 . 100 100 61 . . . . . . 100 73 . Level 1 14 | . . . . . . 4 . 26 . 7 12 43 . 26 . Level 2 36 | . . . . . . 29 100 54 9 92 61 56 . . . Level 3 7 | . . . . . . 4 . 19 68 . 25 . . . . Level 4 1 | . . . . . . . . . 22 . . . . . . Level 5 . | . . . . . . . . . . . . . . . . High Security . | . . . . . . . . . . . . . . . . Max Security . | . . . . . . . . . . . . . . . . Squads Dispatched 27 | . . . . . . 12 3 2 3 . 2 2 . 3 . Investigation 6 | . . . . . . . 1 2 3 . . . . . . Extermination 11 | . . . . . . 5 1 . . . 2 2 . 1 . Reinforcement 3 | . . . . . . 1 . . . . . . . 2 . Assault 2 | . . . . . . 1 1 . . . . . . . . Garrison 5 | . . . . . . 5 . . . . . . . . . Intercept . | . . . . . . . . . . . . . . . . Construction Impeded 2 | . . . . . . 1 . . . . . . . 1 . Haulers Reinforced . | . . . . . . . . . . . . . . . . Stealth | -11 -10 -10 -10 -9 -8 -7 -6 -6 -6 -6 -6 -5 -5 -5 -5 --------- Run | Scr Mat Min Exi Min Mat Fac Fac Ext Cet Arc Hub Fac Was Fac Upp Distress Signals 7 | . . . . . . 1 . 1 . . 2 2 . 1 . Communications Jammed . | . . . . . . . . . . . . . . . . Distress Signals . | . . . . . . . . . . . . . . . . Times Spotted 168 | . 3 . . 3 2 29 20 25 21 10 13 19 . 16 7 Peak Tracking Total 8 | . 3 . . 3 2 4 6 4 8 1 5 6 . 5 4 Tactical Retreats 9 | . . . . . . 2 . 3 . . 1 1 . 2 . Traps | -11 -10 -10 -10 -9 -8 -7 -6 -6 -6 -6 -6 -5 -5 -5 -5 ------- Run | Scr Mat Min Exi Min Mat Fac Fac Ext Cet Arc Hub Fac Was Fac Upp Traps Triggered 11 | . . . . . 1 3 2 . . . 1 3 . 1 . Indirectly . | . . . . . . . . . . . . . . . . Trap Hack Attempts . | . . . . . . . . . . . . . . . . Triggered . | . . . . . . . . . . . . . . . . Disarmed . | . . . . . . . . . . . . . . . . Reprogrammed . | . . . . . . . . . . . . . . . . Reused . | . . . . . . . . . . . . . . . . Traps Extracted . | . . . . . . . . . . . . . . . . Installed . | . . . . . . . . . . . . . . . . Triggered 1 | . . . . . . . . 1 . . . . . . . Machines | -11 -10 -10 -10 -9 -8 -7 -6 -6 -6 -6 -6 -5 -5 -5 -5 ---------- Run | Scr Mat Min Exi Min Mat Fac Fac Ext Cet Arc Hub Fac Was Fac Upp Machines Disabled 32 | . . . . 1 . 11 . 2 1 1 8 1 . 6 1 Max in Single Turn 5 | . . . . . . 4 . 1 1 1 4 1 . 5 1 Garrison Access 3 | . . . . . . . . . . . 1 . . 2 . Network Hub 1 | . . . . . . . . . . . 1 . . . . Machines Sabotaged . | . . . . . . . . . . . . . . . . Garrisons Compromised . | . . . . . . . . . . . . . . . . Overloaded Fab Kills . | . . . . . . . . . . . . . . . . Fab Network Shutdowns 1 | . . . . . . 1 . . . . . . . . . Hacking | -11 -10 -10 -10 -9 -8 -7 -6 -6 -6 -6 -6 -5 -5 -5 -5 --------- Run | Scr Mat Min Exi Min Mat Fac Fac Ext Cet Arc Hub Fac Was Fac Upp Machines Accessed 20 | . 1 . 1 . . 2 2 5 3 1 3 . . 2 . Terminals 12 | . 1 . . . . . 1 5 3 . 2 . . . . Fabricators 2 | . . . . . . 1 1 . . . . . . . . Repair Stations . | . . . . . . . . . . . . . . . . Recycling Units . | . . . . . . . . . . . . . . . . Scanalyzers . | . . . . . . . . . . . . . . . . Garrison Access 4 | . . . . . . 1 . . . . 1 . . 2 . Total Hacks 65 | . 2 . 1 . . 5 2 12 8 25 3 . . 7 . Successful 41 | . 2 . 1 . . 2 1 4 2 25 2 . . 2 . Failed 24 | . . . . . . 3 1 8 6 . 1 . . 5 . Catastrophic 7 | . . . . . . 1 1 1 3 . 1 . . . . Database Lockouts . | . . . . . . . . . . . . . . . . Manual 5 | . 1 . 1 . . . . . 1 2 . . . . . Terminals 25 | . 2 . . . . . 1 12 8 . 2 . . . . Fabricators 3 | . . . . . . 2 1 . . . . . . . . Repair Stations . | . . . . . . . . . . . . . . . . Recycling Units . | . . . . . . . . . . . . . . . . Scanalyzers . | . . . . . . . . . . . . . . . . Garrison Access 11 | . . . . . . 3 . . . . 1 . . 7 . Terminal Hacks 36 | . 2 . 1 . . . 1 4 2 25 1 . . . . Record 28 | . . . . . . . . . 2 25 1 . . . . Open Door 5 | . . . . . . . 1 4 . . . . . . . Branch Access Points 1 | . 1 . . . . . . . . . . . . . . Emergency Access Points 1 | . 1 . . . . . . . . . . . . . . EX-Prototype ID Bank 1 | . . . 1 . . . . . . . . . . . . Fabricator Hacks 2 | . . . . . . 2 . . . . . . . . . Build 2 | . . . . . . 2 . . . . . . . . . Repair Station Hacks . | . . . . . . . . . . . . . . . . Recycling Unit Hacks . | . . . . . . . . . . . . . . . . Scanalyzer . | . . . . . . . . . . . . . . . . Garrison Access Hacks 3 | . . . . . . . . . . . 1 . . 2 . Seal Access 3 | . . . . . . . . . . . 1 . . 2 . Unauthorized Hacks . | . . . . . . . . . . . . . . . . Terminals . | . . . . . . . . . . . . . . . . Fabricators . | . . . . . . . . . . . . . . . . Repair Stations . | . . . . . . . . . . . . . . . . Recycling Units . | . . . . . . . . . . . . . . . . Scanalyzers . | . . . . . . . . . . . . . . . . Garrison Access . | . . . . . . . . . . . . . . . . Data Cores Recovered 1 | . . . . . . . . . . . 1 . . . . Used . | . . . . . . . . . . . . . . . . Hacking Detections 14 | . . . . . . 2 1 5 4 . 1 . . 1 . Full Trace Events 5 | . . . . . . . . 2 3 . . . . . . Feedback Events . | . . . . . . . . . . . . . . . . Feedback Blocked . | . . . . . . . . . . . . . . . . Robot Schematics Acquired . | . . . . . . . . . . . . . . . . Robots Built . | . . . . . . . . . . . . . . . . Matter . | . . . . . . . . . . . . . . . . Time . | . . . . . . . . . . . . . . . . Total Robot Build Rating . | . . . . . . . . . . . . . . . . Part Schematics Acquired . | . . . . . . . . . . . . . . . . Parts Built 4 | . . . . . . 4 . . . . . . . . . Matter 380 | . . . . . . 380 . . . . . . . . . Time 94 | . . . . . . 94 . . . . . . . . . Total Part Build Rating 20 | . . . . . . 20 . . . . . . . . . Parts Repaired . | . . . . . . . . . . . . . . . . Time . | . . . . . . . . . . . . . . . . Parts Recycled . | . . . . . . . . . . . . . . . . Recycled Matter . | . . . . . . . . . . . . . . . . Retrieved Matter . | . . . . . . . . . . . . . . . . Retrieved Components . | . . . . . . . . . . . . . . . . Parts Scanalyzed . | . . . . . . . . . . . . . . . . Part Schematics Acquired . | . . . . . . . . . . . . . . . . Parts Damaged . | . . . . . . . . . . . . . . . . Bothacking | -11 -10 -10 -10 -9 -8 -7 -6 -6 -6 -6 -6 -5 -5 -5 -5 ------------ Run | Scr Mat Min Exi Min Mat Fac Fac Ext Cet Arc Hub Fac Was Fac Upp Used RIF Installer . | . . . . . . . . . . . . . . . . Robots Hacked . | . . . . . . . . . . . . . . . . Non-combat . | . . . . . . . . . . . . . . . . Combat . | . . . . . . . . . . . . . . . . Robot Hacks Applied . | . . . . . . . . . . . . . . . . Relay Couplers Released 9 | . . . . . . 4 . . . . 2 . . 3 . Machine Destruction 5 | . . . . . . . . . . . 2 . . 3 . Programmers 4 | . . . . . . 4 . . . . . . . . . Robots Rewired 3 | . . . . . . . . 3 . . . . . . . Allies Hacked . | . . . . . . . . . . . . . . . . Hacks Repelled . | . . . . . . . . . . . . . . . . Allies | -11 -10 -10 -10 -9 -8 -7 -6 -6 -6 -6 -6 -5 -5 -5 -5 -------- Run | Scr Mat Min Exi Min Mat Fac Fac Ext Cet Arc Hub Fac Was Fac Upp Total Allies 19 | . . 3 . . . 3 . 8 5 . . . . . . Largest Group 8 | . . 3 3 3 . 3 . 8 6 5 5 . . . . Highest-Rated Group 470 | . . 40 40 40 . 93 . 351 470 470 470 . . . . Highest-Rated Ally 156 | . . 16 16 16 . 31 . 156 156 94 94 . . . . Total Orders 6 | . . . . . . . . . 2 2 2 . . . . STAY 3 | . . . . . . . . . 1 1 1 . . . . FOLLOW 3 | . . . . . . . . . 1 1 1 . . . . Ally Attacks 292 | . . . . 22 . 53 . 120 69 4 24 . . . . Total Damage 8044 | . . . . 276 . 1037 . 3223 2380 186 942 . . . . Kills 56 | . . . . 5 . 11 . 17 15 2 6 . . . . Allies Corrupted 4 | . . . . . . . . . . . 4 . . . . Allies Melted . | . . . . . . . . . . . . . . . . Turrets Deployed 3 | . . . . . . . . 1 2 . . . . . . Intel | -11 -10 -10 -10 -9 -8 -7 -6 -6 -6 -6 -6 -5 -5 -5 -5 ------- Run | Scr Mat Min Exi Min Mat Fac Fac Ext Cet Arc Hub Fac Was Fac Upp Robot Analysis Total . | . . . . . . . . . . . . . . . . Derelict Logs Recovered 2 | . . . . 1 . . . . . . . . . . 1 Drone Launches . | . . . . . . . . . . . . . . . . Drone Recoveries . | . . . . . . . . . . . . . . . . Exploration | -11 -10 -10 -10 -9 -8 -7 -6 -6 -6 -6 -6 -5 -5 -5 -5 ------------- Run | Scr Mat Min Exi Min Mat Fac Fac Ext Cet Arc Hub Fac Was Fac Upp Turns Passed 9964 | 62 283 209 324 175 282 2714 758 757 442 313 666 1316 102 1276 285 Spaces Moved 5522 | 51 190 133 214 107 139 1382 416 450 241 232 458 545 100 727 137 Core 54 | 13 . . . . . 40 . . . . . . . . 1 Treads 201 | . . . . . . 201 . . . . . . . . . Legs 4141 | 38 190 133 214 107 139 1141 416 450 241 232 458 382 . . . Wheels 1003 | . . . . . . . . . . . . 61 100 727 115 Hover 123 | . . . . . . . . . . . . 102 . . 21 Flight . | . . . . . . . . . . . . . . . . Fastest Speed 50 | 50 120 150 150 150 150 120 130 120 120 120 120 100 100 90 100 Average Speed 142 | 105 139 150 150 150 160 157 153 123 121 120 120 211 100 98 134 Slowest Speed 850 | 120 150 150 150 150 180 650 190 150 150 120 120 350 100 110 850 Overloaded Moves . | . . . . . . . . . . . . . . . . Propulsion Burnouts . | . . . . . . . . . . . . . . . . Robots Hopped . | . . . . . . . . . . . . . . . . Cave-ins Triggered 2 | . . . . . . 1 . . . . . . . 1 . Exploration Rate (%) 39 | 3 37 39 60 34 13 40 12 56 68 96 46 16 76 14 25 Regions Visited 15 Branch Regions 8 Pre-discovered Areas 1 | . . . . 1 . . . . . . . . . . . Known Exits Taken 8 | . 1 . . . . 1 1 1 1 1 1 . . 1 . Unknown Exits Taken 5 | 1 . 1 1 1 1 . . . . . . . . . . Scrap Searched 1 | . . 1 . . . . . . . . . . . . . Spaces Dug 46 | . . . . . . . . . . . . . . 46 . Terrain Destroyed 409 | . . . . . . 80 . 8 6 2 191 38 . 78 6 Melee . | . . . . . . . . . . . . . . . . Projectile 145 | . . . . . . 22 . 8 6 2 28 38 . 35 6 AOE 264 | . . . . . . 58 . . . . 163 . . 43 . Terrain Rammed . | . . . . . . . . . . . . . . . . Walls Destroyed . | . . . . . . . . . . . . . . . . Machines Disabled . | . . . . . . . . . . . . . . . . Actions | -11 -10 -10 -10 -9 -8 -7 -6 -6 -6 -6 -6 -5 -5 -5 -5 --------- Run | Scr Mat Min Exi Min Mat Fac Fac Ext Cet Arc Hub Fac Was Fac Upp Total 7050 | 56 208 143 219 122 174 1788 470 577 364 260 531 624 103 1223 188 Wait 857 | . 2 9 . 16 11 245 2 8 89 16 36 . . 418 5 Move 5508 | 50 189 132 213 106 138 1381 415 449 240 231 457 545 99 726 137 Hop . | . . . . . . . . . . . . . . . . Pick Up 60 | . 8 2 3 . 6 15 2 5 1 1 1 9 1 4 2 Fast Attach 74 | 6 3 . . . 1 16 8 6 5 . 2 8 . 15 4 Attach 26 | . . . . . 3 8 . 3 . . . 6 . 5 1 Detach . | . . . . . . . . . . . . . . . . Swap 51 | . 2 . . . . 16 1 11 4 3 2 7 . 2 3 Drop 103 | . 4 . 3 . 3 26 2 16 10 4 5 10 3 11 6 Fire 249 | . . . . . . 34 38 36 15 4 23 38 . 31 30 Melee 72 | . . . . . 12 46 1 13 . . . . . . . Ram 11 | . . . . . . . . . . . . . . 11 . Kick 4 | . . . . . . 1 1 . . 1 . 1 . . . Crush . | . . . . . . . . . . . . . . . . Escape Stasis 5 | . . . . . . . . . . . 5 . . . . Rewire 30 | . . . . . . . . 30 . . . . . . . Trap . | . . . . . . . . . . . . . . . . Miscellaneous . | . . . . . . . . . . . . . . . . Route ------- -11/Scrapyard -10/Materials (discovered 3 exits: [*Mat] / *Min x2) -10/Mines -10/Exiles -9/Mines -8/Materials -7/Factory (discovered 2 exits: *Fac x2) -6/Factory -6/Extension (discovered 3 exits: *Fac x2 / *Cet) -6/Cetus (discovered 2 exits: *Fac / *Arc) -6/Archives (discovered 3 exits: *Fac / *Hub x2) -6/Hub_04(d) (discovered 2 exits: *Fac x2) -5/Factory -5/Waste -5/Factory -5/Upper Caves (discovered 1 exit: Upp) History --------- Turn | Location | Event 9 | -11/Scrapyard | Discovered new exit (range 16) 63 | -11/Scrapyard | Entered Materials 78 | -10/Materials | Identified exit to Mines 222 | -10/Materials | Discovered new exit (range 10) 316 | -10/Materials | Build established: Mutant 346 | -10/Materials | Entered Mines 381 | -10/Mines | Assisted by bots powering up and referring to "LRC-V3" 514 | -10/Mines | Found a damaged Exp. Sensor Array with a note attached 517 | -10/Mines | Found Prototype Device 539 | -10/Mines | Deemed a non-threat by the Exiles lab entrance 539 | -10/Mines | Discovered new exit (range 5) 555 | -10/Mines | Entered Exiles 555 | -10/Exiles | Accompanied by 3 allies 591 | -10/Exiles | Met 8R-AWN 618 | -10/Exiles | Met EX-HEX 657 | -10/Exiles | Met EX-BIN 678 | -10/Exiles | Aligned with FarCom system 680 | -10/Exiles | Given EX-Vault access code 717 | -10/Exiles | Opened EX-Vault 729 | -10/Exiles | Found Deploy-a-Sentry 732 | -10/Exiles | Found Deploy-a-Sentry 734 | -10/Exiles | Found Deploy-a-Sentry 764 | -10/Exiles | Warned to stay clear of 0b10 Research branches 812 | -10/Exiles | Met EX-DEC 863 | -10/Exiles | Discovered new exit (range 12) 879 | -10/Exiles | Left Exiles lab with Deploy-a-Sentry 879 | -10/Exiles | Entered Mines 879 | -9/Mines | Accompanied by 3 allies 901 | -9/Mines | Received a Rocket Launcher from a helpful Derelict 985 | -9/Mines | Learned location of Zion (-7) 1048 | -9/Mines | Discovered new exit (range 5) 1054 | -9/Mines | Entered Materials 1054 | -8/Materials | Evolved 4 slots: Propulsion x1, Utility x2, Weapon x1 1325 | -8/Materials | Discovered new exit (range 8) 1336 | -8/Materials | Entered Factory 1336 | -7/Factory | Evolved 2 slots: Propulsion x1, Weapon x1 1756 | -7/Factory | Lost 7 parts (1p4n1u1w) 2352 | -7/Factory | Allied Derelicts emerged from ambush trap array 2828 | -7/Factory | Build established: Skirmisher 2878 | -7/Factory | Garrison activated, responded to threat 2888 | -7/Factory | Crushed by falling debris 3030 | -7/Factory | Fabricated Hvy. Machine Gun (x2) 3093 | -7/Factory | Fabricated Hvy. Machine Gun (x2) 3117 | -7/Factory | Discovered new exit (range 9) 3119 | -7/Factory | Local fabrication network quarantined 3248 | -7/Factory | Identified exit to Factory 3336 | -7/Factory | Build established: Gunner 3736 | -7/Factory | First assault squad dispatched 3933 | -7/Factory | Garrison activated, responded to threat 4043 | -7/Factory | Discovered exit to Factory (range 5) 4050 | -7/Factory | Entered another Factory area 4050 | -6/Factory | Evolved 2 slots: Utility x2 4318 | -6/Factory | Build established: Machinist-Gunner 4400 | -6/Factory | First assault squad dispatched 4588 | -6/Factory | Lost 8 parts (3n2u3w) 4802 | -6/Factory | Discovered new exit (range 6) 4807 | -6/Factory | Identified exit to Extension 4808 | -6/Factory | Entered Extension 5124 | -6/Extension | Rescued A7 5159 | -6/Extension | Rescued a captive Derelict 5161 | -6/Extension | Rescued a captive Derelict 5233 | -6/Extension | Rescued a captive Derelict 5234 | -6/Extension | Rescued a captive Derelict 5265 | -6/Extension | Spotted B-75 Beast 5279 | -6/Extension | Spotted B-75 Beast 5290 | -6/Extension | DAS Turret deployed 5296 | -6/Extension | Allies destroyed B-75 Beast 5302 | -6/Extension | Destroyed B-75 Beast 5361 | -6/Extension | Discovered new exit (range 3) 5364 | -6/Extension | Identified exit to Factory 5403 | -6/Extension | Build established: Scavenger-Gunner 5498 | -6/Extension | Discovered new exit (range 15) 5499 | -6/Extension | Discovered exit to Factory (range 15) 5558 | -6/Extension | Identified exit to Cetus 5565 | -6/Extension | Entered Cetus 5565 | -6/Cetus | Accompanied by 6 allies (A7) 5570 | -6/Cetus | Acquired a Cetus Manufacturing Module code from A7 5592 | -6/Cetus | Spotted Cetus Guard 5592 | -6/Cetus | Spotted Cetus Guard 5593 | -6/Cetus | Spotted Cetus Guard 5597 | -6/Cetus | Spotted Cetus Guard 5599 | -6/Cetus | Destroyed Cetus Guard 5600 | -6/Cetus | DAS Turret deployed 5602 | -6/Cetus | Allies destroyed Cetus Guard 5606 | -6/Cetus | Destroyed Cetus Guard 5608 | -6/Cetus | Allies destroyed Cetus Guard 5662 | -6/Cetus | Discovered exit to Factory (range 15) 5778 | -6/Cetus | DAS Turret deployed 5778 | -6/Cetus | Started Cetus Manufacturing Module 5803 | -6/Cetus | Manufactured an Enhanced Grunt 5812 | -6/Cetus | Extracted ID and sensor layout for unrecognized location from A7's data core 5828 | -6/Cetus | Manufactured an Enhanced Grunt 5853 | -6/Cetus | Manufactured an Enhanced Grunt 5878 | -6/Cetus | Manufactured an Enhanced Grunt 5903 | -6/Cetus | Manufactured an Enhanced Grunt 5958 | -6/Cetus | Discovered new exit (range 16) 5975 | -6/Cetus | Identified exit to Archives 6007 | -6/Cetus | Entered Archives 6007 | -6/Archives | Accompanied by 5 allies 6082 | -6/Archives | Unable to access archive contents 6099 | -6/Archives | Discovered new exit (range 15) 6110 | -6/Archives | Discovered new exit (range 16) 6116 | -6/Archives | Unable to access archive contents 6129 | -6/Archives | Unable to access archive contents 6132 | -6/Archives | Discovered exit to Factory (range 16) 6190 | -6/Archives | Identified exit to Hub_04(d) 6320 | -6/Archives | Entered Hub_04(d) 6320 | -6/Hub_04(d) | Accompanied by 5 allies 6406 | -6/Hub_04(d) | Network Hub disabled 6851 | -6/Hub_04(d) | Discovered exit to Factory (range 3) 6959 | -6/Hub_04(d) | Discovered exit to Factory (range 10) 6985 | -6/Hub_04(d) | Spotted Lightning 6986 | -6/Hub_04(d) | Entered Factory 6986 | -5/Factory | Evolved 2 slots: Utility x2 7850 | -5/Factory | System corruption reached 10% 8302 | -5/Factory | Sucked down chute 8302 | -5/Factory | Entered Waste 8302 | -5/Waste | The area was eerily silent 8358 | -5/Waste | Found Damper Plating 8391 | -5/Waste | Discovered new exit (range 12) 8403 | -5/Waste | Identified exit to Factory 8404 | -5/Waste | Entered Factory 9054 | -5/Factory | Build established: Gunner 9275 | -5/Factory | Core integrity fell below 50% 9293 | -5/Factory | Crushed by falling debris 9324 | -5/Factory | Lost 4 parts (3u1w) 9587 | -5/Factory | Lost 6 parts (1u5w) 9650 | -5/Factory | Discovered new exit (range 5) 9655 | -5/Factory | Identified exit to Upper Caves 9680 | -5/Factory | Entered Upper Caves 9684 | -5/Upper Caves | Attacked by a delusional Derelict stockpiling parts 9700 | -5/Upper Caves | Core integrity fell below 20% 9801 | -5/Upper Caves | Identified exit to Upper Caves 9965 | -5/Upper Caves | Destroyed by G-50 Soldier with Heavy Laser Last Messages --------------- 09940_ Slug penetrates G-50 Soldier. 09943_ G-50 Soldier knocked back. 09946_ Adv. Signal Interpreter permanently disabled. 09946_ Overheating: Short circuit. 09946_ System corrupted: KE Penetrator targeting data glitched. 09947_ Slug Cannon destroyed. 09949_ Power failure, Angular Momentum Engine shutdown. 09949_ System corrupted: KE Penetrator targeting data glitched. 09949_ Slug penetrates G-50 Soldier. 09949_ Destroyed Hvy. Laser. 09951_ Slug penetrates G-50 Soldier. 09953_ G-50 Soldier destroyed. 09955_ System corrupted: KE Penetrator jammed. 09955_ Antigrav System destroyed. 09957_ Slug penetrates Wall. 09959_ System corrupted: KE Penetrator targeting data glitched. 09959_ Slug penetrates Wall. 09961_ Slug penetrates G-50 Soldier. 09963_ System corrupted: KE Penetrator jammed. 09965_ XY #LX:%Z|U3DWYO%YWOWXNTKQDDHYT Map ----- +----------------------------------------------------+ | ?????????????????????????????????????????????????? | | ?????????????????????????????????????????????????? | | ?????????????????????????????????????????????????? | | ?????????????????????????????????????????????????? | | ?????????????????????????????????????????????????? | | ?????????????????????????????????????????????????? | | ?????????????????????????????????????????????????? | | ?????????????????????????????????????????????????? | | ?????????????????????????????????????????????????? | | ?????????????????????????????????????????????????? | | ?????????????????????????????????????????????????? | | ????????????##?????????????##????????????????????? | | ????????????# ???????????# ##???????????????????? | | ????????????# ?????????? ##??????????????????? | | ????????????# ????????? ##?????????????????? | | ????????????# ????????# #?????????????????? | | ????????????# ??????## ??????????????????? | | ?????????????? ####### #???????????????????? | | ???????????????# #????????????????????? | | ???????????????# #????????????????????? | | ??????????????## ##??#????????????????? | | ??????????????# ## #??????????######? | | ??????????????# ;#?####?????## ## | | ??????????????# ### *%g ## ##????# | | ??????????????????????###%! ## #?# | | ????????????????????????#@ % ## # | | ????????????????????????# #### ???# | | ????????????????????????## ##?????### | | ?????????????????????????## ##???### | | ??????????????????????????## ##### | | ???????????????????????????## ##" | | ????????????????????????????# [ | | ????????????????????????????# ##### | | ???????????????????????????# ##???# ### | | ??????????????????????????# #; ##????# #?? | | ??????????????????????????#######;; ##?##### ### | | ????????????????????????????????######### ## ## | | ????????????????????????????????????# | | ????????????????????????????????????## | | ?????????????????????????????????????# ### | | ?????????????????????????????????????# ####?? | | ?????????????????????????????????????## ##????? | | ??????????????????????????????????????# ####?????? | | ????????????????????????????????????? ?????????? | | ??????????????????????????????????? ??????????? | | ?????????????????????????????????? ??????????? | | ????????????????????????????????? ???????????? | | ????????????????????????????????? ##???????????? | | ?????????????????????????????????# #?????????????? | | ??????????????????????????????????#??????????????? | +----------------------------------------------------+ Best States ------------- Heat Dissipation 68 Energy Generation 19 Energy Capacity 315 Matter Stores 300 Matter Capacity 300 Sight Range 16 Terrain Scan Density 10 Armor Coverage 825 Weapon Cycling 20 Melee Speed Boost 20 Evasion (%) 42 Targeting Accuracy 11 Melee Accuracy 5 Target Analysis 6 Core Analysis 8 Recoil Reduction 1 Energy Filtering 30 Kinecelleration 30 Item Schematics ----------------- None Robot Schematics ------------------ None Fabricated ------------ Hvy. Machine Gun | x2 | -7/Factory | Preloaded Hvy. Machine Gun | x2 | -7/Factory | Preloaded Alien Tech Used ----------------- None Achievements -------------- None Challenges ------------ None Game ------ Seed HardenedLargeNanoactuators Manual? 0 Play Time 00:58:02 Cumulative 115.8 hours Start 2021.04.03 @ 13:01:28 End 2021.04.03 @ 14:08:08 Sessions 1 Manual Loads 0 Difficulty Rogue Special Mode None Game No. 272 Rogue 119 Adventurer 148 Explorer 5 Win Type - Total 2 Types 2/0/0/0/0/0/0/0/0 Lore% 62 Gallery% 71 Achievement% 55 Wizard Run 0 Options --------- ASCII 0 Keyboard 0 Movement Numpad Keybinds 0 Fullscreen 1 Font 18/CogNarrow Map View 76x50 Tactical HUD 1 Map Filters NONE Filters NONE Steam 1 RUN: 4396a8f0-7860-48de-b0a5-e0d6f5d6c99e